MLB
TAMPA BAY RAYS @ ARIZONA DIAMONDBACKS
08/07/2098
 
TOP OF THE 1ST
Tampa Bay Rays batting - Pitching for Arizona Diamondbacks : LHP Justin Vogel
Pitching: LHP Justin Vogel
Batting: SHB Jorge Ramos 0-0: Ball
1-0: Called Strike
1-1: Ball
2-1: Fly out, F8 (Flyball, 8LM, EV 100.6 MPH)
Batting: RHB Jamie Huggins 0-0: Swinging Strike
0-1: Foul Ball, location: 2F
0-2: Ball
1-2: Ball
2-2: Strikes out swinging
Batting: RHB Dave Taylor 0-0: Ball
1-0: Ball
2-0: Foul Ball, location: 7LSF
2-1: Foul Ball, location: 2F
2-2: Strikes out swinging
Top of the 1st over - 0 runs, 0 hits, 0 errors, 0 left on base; Tampa Bay 0 - Arizona 0
BOTTOM OF THE 1ST
Arizona Diamondbacks batting - Pitching for Tampa Bay Rays : RHP Justin Baines
Pitching: RHP Justin Baines
Batting: RHB Jesse Cavallaro 0-0: Called Strike
0-1: Ball
1-1: Ball
2-1: Called Strike
2-2: Strikes out swinging
Batting: SHB Jose Medina 0-0: Called Strike
0-1: Swinging Strike
0-2: Ball
1-2: Ball
2-2: Ball
3-2: Foul Ball, location: 9LDF
3-2: Base on Balls
Batting: LHB Mike Tinder 0-0: Ball
1-0: Foul Ball, location: 3DF
1-1: Ball
2-1: Called Strike
2-2: Strikes out swinging
Batting: LHB Mario Valdez 0-0: Called Strike
0-1: Ball
1-1: Fly out, F8 (Flyball, 8RM, EV 86.9 MPH)
Bottom of the 1st over - 0 runs, 0 hits, 0 errors, 1 left on base; Tampa Bay 0 - Arizona 0
TOP OF THE 2ND
Tampa Bay Rays batting - Pitching for Arizona Diamondbacks : LHP Justin Vogel
Batting: RHB Kevin Schulz 0-0: Ball
1-0: Called Strike
1-1: Ball
2-1: Swinging Strike
2-2: DOUBLE (Line Drive, 7LD, EV 107.5 MPH)
Batting: RHB Cesar Escamilla 0-0: Ball
1-0: Ball
2-0: Ball
3-0: Base on Balls
Batting: RHB Steve Auclair 0-0: Ball
1-0: Ball
2-0: Ball
3-0: Called Strike
3-1: Base on Balls
Kevin Schulz to third
Cesar Escamilla to second
Batting: LHB Ray Behm 0-0: Ball
1-0: Ball
2-0: Ball
3-0: Called Strike
3-1: Base on Balls
Kevin Schulz scores
Cesar Escamilla to third
Steve Auclair to second
Batting: RHB Allen Castellanos 0-0: Called Strike
0-1: Called Strike
0-2: Strikes out swinging
Batting: SHB Ryan Takach 0-0: Ball
1-0: Fly out, F8 (Line Drive, 8LD, EV 94.4 MPH)
Runner from 3rd tags up, SCORES, throw by CF
Steve Auclair to third
Batting: SHB Jorge Ramos 0-0: Swinging Strike
0-1: Ball
1-1: Foul Ball, location: 5DF
1-2: Foul Ball, location: 2F
1-2: Fielders Choice at 2nd, 5-4 (Groundball, 56, EV 78.8 MPH)
Top of the 2nd over - 2 runs, 1 hit, 0 errors, 2 left on base; Tampa Bay 2 - Arizona 0
BOTTOM OF THE 2ND
Arizona Diamondbacks batting - Pitching for Tampa Bay Rays : RHP Justin Baines
Batting: SHB Macario Castro 0-0: Ball
1-0: Ball
2-0: Ball
3-0: Called Strike
3-1: SOLO HOME RUN (Flyball, 8RXD, EV 114.4 MPH), Distance : 448 ft
Batting: LHB Travis Lawlor 0-0: Ball
1-0: Ground out 6-3 (Groundball, 6, EV 85.0 MPH)
Batting: RHB Gabe Bankole 0-0: Ball
1-0: Fly out, F9 (Flyball, 9, EV 84.4 MPH)
Batting: RHB Shawn Lindsey 0-0: Foul Ball, location: 3F
0-1: Foul Ball, location: 2F
0-2: Ball
1-2: Strikes out swinging
Bottom of the 2nd over - 1 run, 1 hit, 0 errors, 0 left on base; Tampa Bay 2 - Arizona 1
TOP OF THE 3RD
Tampa Bay Rays batting - Pitching for Arizona Diamondbacks : LHP Justin Vogel
Batting: RHB Jamie Huggins 0-0: Called Strike
0-1: Ground out 5-3 (Groundball, 15, EV 80.0 MPH)
Batting: RHB Dave Taylor 0-0: Ball
1-0: Swinging Strike
1-1: Called Strike
1-2: Ball
2-2: Fly out, F9 (Flyball, 89S, EV 85.0 MPH)
Batting: RHB Kevin Schulz 0-0: Ball
1-0: Fly out, F9 (Flyball, 9D, EV 94.4 MPH)
Top of the 3rd over - 0 runs, 0 hits, 0 errors, 0 left on base; Tampa Bay 2 - Arizona 1
BOTTOM OF THE 3RD
Arizona Diamondbacks batting - Pitching for Tampa Bay Rays : RHP Justin Baines
Batting: LHB Alex Castro 0-0: Called Strike
0-1: Ball
1-1: Ball
2-1: Foul Ball, location: 2F
2-2: Foul Ball, location: 3SF
2-2: Ball
3-2: SINGLE (Line Drive, 6D, EV 95.6 MPH)
Batting: RHB Jesse Cavallaro 0-0: Swinging Strike
0-1: Ball
1-1: Ball
2-1: Ball
3-1: Swinging Strike
3-2: Fly out, F8 (Flyball, 89M, EV 95.6 MPH)
Batting: SHB Jose Medina 0-0: Swinging Strike
0-1: Ball
1-1: Ball
2-1: Ball
3-1: Base on Balls
Alex Castro to second
Batting: LHB Mike Tinder 0-0: Ball
1-0: Ball
2-0: Hit by Pitch
Alex Castro to third
Jose Medina to second
Batting: LHB Mario Valdez 0-0: Called Strike
0-1: Swinging Strike
0-2: Ball
1-2: DOUBLE (Flyball, 8RXD, EV 105.6 MPH)
Alex Castro scores
Jose Medina scores
Mike Tinder to third
Runner from 3rd tries for Home, SAFE, throw by CF to trailing runner, OUT at third! 8-3-5
Batting: SHB Macario Castro 0-0: Foul Ball, location: 7LMF
0-1: Ball
1-1: Foul Ball, location: 7LMF
1-2: Ball
2-2: Ball
3-2: Strikes out looking
Bottom of the 3rd over - 3 runs, 2 hits, 0 errors, 0 left on base; Tampa Bay 2 - Arizona 4
TOP OF THE 4TH
Tampa Bay Rays batting - Pitching for Arizona Diamondbacks : LHP Justin Vogel
Batting: RHB Cesar Escamilla 0-0: Ball
1-0: Called Strike
1-1: Foul Ball, location: 7LSF
1-2: Ball
2-2: SINGLE (Flyball, 56D, EV 93.8 MPH)
Batting: RHB Steve Auclair 0-0: Called Strike
0-1: Ball
1-1: Called Strike
1-2: Strikes out looking
Batting: LHB Ray Behm 0-0: Ball
1-0: Grounds into double play, 4-6-3 (Groundball, 4, EV 96.3 MPH)
Top of the 4th over - 0 runs, 1 hit, 0 errors, 0 left on base; Tampa Bay 2 - Arizona 4
BOTTOM OF THE 4TH
Arizona Diamondbacks batting - Pitching for Tampa Bay Rays : RHP Justin Baines
Batting: LHB Travis Lawlor 0-0: Ball
1-0: Swinging Strike
1-1: Foul Ball, location: 25F
1-2: Ball
2-2: Foul Ball, location: 5F
2-2: Ball
3-2: Foul Ball, location: 5DF
3-2: Foul Ball, location: 2F
3-2: Ground out 6-3 (Groundball, 6, EV 83.8 MPH)
Batting: RHB Gabe Bankole 0-0: Ball
1-0: Foul Ball, location: 7LMF
1-1: Ball
2-1: Fly out, F4 (Popup, 3S, EV 78.1 MPH)
Batting: RHB Shawn Lindsey 0-0: Foul Ball, location: 9LDF
0-1: Called Strike
0-2: Ball
1-2: Ball
2-2: Foul Ball, location: 2F
2-2: Strikes out swinging
Bottom of the 4th over - 0 runs, 0 hits, 0 errors, 0 left on base; Tampa Bay 2 - Arizona 4
TOP OF THE 5TH
Tampa Bay Rays batting - Pitching for Arizona Diamondbacks : LHP Justin Vogel
Batting: RHB Allen Castellanos 0-0: Swinging Strike
0-1: Ball
1-1: Fly out, F7 (Flyball, 78S, EV 86.9 MPH)
Batting: SHB Ryan Takach 0-0: SINGLE (Groundball, 6MD, EV 105.0 MPH)
Batting: SHB Jorge Ramos 0-0: Ball
1-0: SINGLE (Groundball, 2R, EV 66.3 MPH) (infield hit)
Ryan Takach to second
Batting: RHB Jamie Huggins 0-0: Swinging Strike
0-1: Ball
1-1: Swinging Strike
1-2: Ball
2-2: Ball
3-2: Foul Ball, location: 9LDF
3-2: Foul Ball, location: 2F
3-2: Foul Ball, location: 2F
3-2: Base on Balls
Ryan Takach to third
Jorge Ramos to second
Batting: RHB Dave Taylor 0-0: SINGLE (Line Drive, 78S, EV 96.9 MPH)
Ryan Takach scores
Jorge Ramos to third
Jamie Huggins to second
Runner from 3rd tries for Home, SAFE, throw by CF to home
Batting: RHB Kevin Schulz 0-0: Ball
1-0: Foul Ball, location: 9LSF
1-1: Ball
2-1: Foul Ball, location: 2LF
2-2: Strikes out swinging
Batting: RHB Cesar Escamilla 0-0: Ball
1-0: Foul Ball, location: 2F
1-1: Ball
2-1: Ground out 6-3 (Groundball, 6M, EV 103.1 MPH)
Top of the 5th over - 2 runs, 3 hits, 0 errors, 2 left on base; Tampa Bay 4 - Arizona 4
BOTTOM OF THE 5TH
Arizona Diamondbacks batting - Pitching for Tampa Bay Rays : RHP Justin Baines
Batting: LHB Alex Castro 0-0: Called Strike
0-1: SINGLE (Line Drive, 56, EV 94.4 MPH)
Batting: RHB Jesse Cavallaro 0-0: Called Strike
0-1: Swinging Strike
0-2: Strikes out swinging
Batting: SHB Jose Medina 0-0: Ball
1-0: Ball
2-0: Ball
3-0: Foul Ball, location: 25FF
3-1: Base on Balls
Alex Castro to second
Batting: LHB Mike Tinder 0-0: Called Strike
0-1: Foul Ball, location: 9LMF
0-2: Strikes out swinging
Batting: LHB Mario Valdez 0-0: Ball
1-0: Fly out, F5 (Popup, 56, EV 66.3 MPH)
Bottom of the 5th over - 0 runs, 1 hit, 0 errors, 2 left on base; Tampa Bay 4 - Arizona 4
TOP OF THE 6TH
Tampa Bay Rays batting - Pitching for Arizona Diamondbacks : LHP Justin Vogel
Batting: RHB Steve Auclair 0-0: Called Strike
0-1: Called Strike
0-2: Ball
1-2: Foul Ball, location: 9LSF
1-2: Foul Ball, location: 5FF
1-2: Ground out 5-3 (Groundball, 5S, EV 70.0 MPH)
Pitching: LHP Nehemiah Tatum
Batting: LHB Ray Behm 0-0: Foul Ball, location: 25F
0-1: Ground out 3-1 (Groundball, 34, EV 100.0 MPH)
Batting: RHB Allen Castellanos 0-0: Ball
1-0: Ball
2-0: Foul Ball, location: 2F
2-1: SOLO HOME RUN (Flyball, 78XD, EV 103.1 MPH), Distance : 411 ft
Batting: SHB Ryan Takach 0-0: Ball
1-0: Ball
2-0: SOLO HOME RUN (Flyball, 7D, EV 98.1 MPH), Distance : 376 ft
Batting: SHB Jorge Ramos 0-0: Ball
1-0: Ground out 5-3 (Groundball, 56S, EV 85.6 MPH)
Top of the 6th over - 2 runs, 2 hits, 0 errors, 0 left on base; Tampa Bay 6 - Arizona 4
BOTTOM OF THE 6TH
Arizona Diamondbacks batting - Pitching for Tampa Bay Rays : RHP Justin Baines
Batting: SHB Macario Castro 0-0: DOUBLE (Flyball, 78D, EV 108.1 MPH)
Batting: LHB Travis Lawlor 0-0: Called Strike
0-1: Ball
1-1: Fly out, F8 (Line Drive, 8RM, EV 110.6 MPH)
Batting: RHB Gabe Bankole 0-0: Called Strike
0-1: Ball
1-1: Ball
2-1: Ball
3-1: Base on Balls
Pitching: RHP Jason Long
Batting: RHB Shawn Lindsey 0-0: Ball
1-0: Called Strike
1-1: Swinging Strike
1-2: Fly out, F2 (Popup, 23F, EV 82.5 MPH)
Batting: LHB Alex Castro 0-0: Ball
1-0: Ball
2-0: Ball
3-0: Called Strike
3-1: Called Strike
3-2: Fly out, F8 (Line Drive, 8RD, EV 88.1 MPH)
Bottom of the 6th over - 0 runs, 1 hit, 0 errors, 2 left on base; Tampa Bay 6 - Arizona 4
TOP OF THE 7TH
Tampa Bay Rays batting - Pitching for Arizona Diamondbacks : LHP Nehemiah Tatum
Batting: RHB Jamie Huggins 0-0: Called Strike
0-1: Ball
1-1: Called Strike
1-2: Ball
2-2: Foul Ball, location: 2F
2-2: Ball
3-2: Strikes out swinging
Batting: RHB Dave Taylor 0-0: Fly out, F7 (Flyball, 7LSF, EV 90.0 MPH)
Batting: RHB Kevin Schulz 0-0: Called Strike
0-1: Ball
1-1: Foul Ball, location: 9LSFF
1-2: Ball
2-2: Foul Ball, location: 9LSF
2-2: Ball
3-2: Foul Ball, location: 2F
3-2: Strikes out swinging
Top of the 7th over - 0 runs, 0 hits, 0 errors, 0 left on base; Tampa Bay 6 - Arizona 4
BOTTOM OF THE 7TH
Arizona Diamondbacks batting - Pitching for Tampa Bay Rays : RHP Jason Long
Batting: RHB Jesse Cavallaro 0-0: Swinging Strike
0-1: Ball
1-1: SINGLE (Line Drive, 89S, EV 107.5 MPH)
Batting: SHB Jose Medina 0-0: Called Strike
0-1: Foul Ball, location: 2F
0-2: Foul Ball, location: 5FF
0-2: Strikes out swinging
Pitching: LHP Antonio Quevedo
Pinch Hitting: RHB Kevin Delmotte 0-0: Ball
1-0: Ball
2-0: Called Strike
2-1: Grounds into double play, 6-4-3 (Groundball, 56, EV 86.3 MPH)
Bottom of the 7th over - 0 runs, 1 hit, 0 errors, 0 left on base; Tampa Bay 6 - Arizona 4
TOP OF THE 8TH
Tampa Bay Rays batting - Pitching for Arizona Diamondbacks : LHP Nehemiah Tatum
Now in RF: Dave Austin
Batting: RHB Cesar Escamilla 0-0: Ball
1-0: Foul Ball, location: 2F
1-1: Ball
2-1: Ground out 5-3 (Groundball, 5L, EV 86.3 MPH)
Batting: RHB Steve Auclair 0-0: Foul Ball, location: 3SF
0-1: DOUBLE (Flyball, 89D, EV 107.5 MPH)
Pitching: RHP Dan Rutledge
Batting: LHB Ray Behm 0-0: Foul Ball, location: 7LSF
0-1: Foul Ball, location: 2F
0-2: Fly out, F8 (Flyball, 8RM, EV 86.3 MPH)
Batting: RHB Allen Castellanos 0-0: Called Strike
0-1: Foul Ball, location: 3F
0-2: Ball
1-2: Fly out, F7 (Flyball, 7, EV 90.6 MPH)
Top of the 8th over - 0 runs, 1 hit, 0 errors, 1 left on base; Tampa Bay 6 - Arizona 4
BOTTOM OF THE 8TH
Arizona Diamondbacks batting - Pitching for Tampa Bay Rays : LHP Antonio Quevedo
Batting: RHB Rafael Estrada 0-0: Swinging Strike
0-1: Swinging Strike
0-2: TRIPLE (Line Drive, 89XD, EV 105.0 MPH)
Batting: SHB Macario Castro 0-0: Ball
1-0: Ball
2-0: Ball
3-0: Called Strike
3-1: SINGLE (Line Drive, 5D, EV 96.9 MPH)
Rafael Estrada scores
Pinch Hitting: RHB Jason Moberg 0-0: Fly out, F9 (Flyball, 89S, EV 91.3 MPH)
Batting: RHB Gabe Bankole 0-0: Fly out, F3 (Popup, 3L, EV 69.4 MPH)
Batting: RHB Shawn Lindsey 0-0: Called Strike
0-1: SINGLE (Groundball, 34D, EV 100.6 MPH)
Macario Castro to second
Runner from 2nd tries for 3rd, SAFE, throw by RF made to third
Batting: LHB Alex Castro 0-0: Ball
1-0: Called Strike
1-1: Ball
2-1: SINGLE (Groundball, 34D, EV 105.0 MPH)
Macario Castro scores
Shawn Lindsey to second
Runner from 2nd tries for 3rd, SAFE, throw by RF made to third
Batting: RHB Jesse Cavallaro 0-0: Reached on error, E5 (Groundball, 56S, EV 85.0 MPH)
Shawn Lindsey scores
Alex Castro to second
Pitching: RHP Manuel Barrientes
Batting: SHB Jose Medina 0-0: Ball
1-0: Fielders Choice at 3rd, U5 (Groundball, 5, EV 100.0 MPH)
Bottom of the 8th over - 3 runs, 4 hits, 1 error, 1 left on base; Tampa Bay 6 - Arizona 7
TOP OF THE 9TH
Tampa Bay Rays batting - Pitching for Arizona Diamondbacks : RHP Dan Rutledge
Pitching: RHP Enrique Vargas
Now in LF: Jose Medina
Now in CF: Jason Moberg
Batting: SHB Ryan Takach 0-0: Foul Ball, location: 5SF
0-1: Called Strike
0-2: Ball
1-2: Foul Ball, location: 2F
1-2: Foul Ball, location: 25F
1-2: SINGLE (Line Drive, 7S, EV 104.4 MPH)
Batting: SHB Jorge Ramos 0-0: Grounds out, U3 (Groundball, 3L, EV 105.6 MPH)
Pinch Hitting: LHB Jose Alcantar 0-0: Ball
1-0: Ball
2-0: SINGLE (Groundball, 25, EV 66.9 MPH) (infield hit)
Ryan Takach to third
Pinch Hitting: LHB Robert Florez 0-0: Ball
1-0: Ball
2-0: Foul Ball, location: 7LSF
2-1: Foul Ball, location: 7LMF
2-2: Foul Ball, location: 7LDF
2-2: Ground out 5-3 (Groundball, P, EV 83.1 MPH)
Ryan Takach scores
Jose Alcantar to second
Batting: RHB Kevin Schulz 0-0: Ground out 4-3 (Groundball, 34, EV 104.4 MPH)
Top of the 9th over - 1 run, 2 hits, 0 errors, 1 left on base; Tampa Bay 7 - Arizona 7
BOTTOM OF THE 9TH
Arizona Diamondbacks batting - Pitching for Tampa Bay Rays : RHP Manuel Barrientes
Now at 1B: Robert Florez
Now at 2B: Matt Collier
Now at SS: Ryan Takach
Batting: LHB Dave Austin 0-0: Ball
1-0: Ball
2-0: Ball
3-0: Called Strike
3-1: Base on Balls
Batting: RHB Rafael Estrada 0-0: Ball
1-0: Ball
2-0: Ball
3-0: Called Strike
3-1: Called Strike
3-2: Fly out, F9 (Flyball, 9LS, EV 73.8 MPH)
Batting: SHB Macario Castro 0-0: Called Strike
0-1: Called Strike
0-2: SINGLE (Line Drive, 9LM, EV 106.3 MPH)
Dave Austin to second
Batting: RHB Jason Moberg 0-0: Foul Ball, location: 7LSF
0-1: Fly out, F6 (Flyball, 56D, EV 89.4 MPH)
Batting: RHB Gabe Bankole 0-0: Ball
1-0: Swinging Strike
1-1: Swinging Strike
1-2: Foul Ball, location: 5F
1-2: Ground out 4-3 (Groundball, 4, EV 84.4 MPH)
Bottom of the 9th over - 0 runs, 1 hit, 0 errors, 2 left on base; Tampa Bay 7 - Arizona 7
TOP OF THE 10TH
Tampa Bay Rays batting - Pitching for Arizona Diamondbacks : RHP Enrique Vargas
Batting: RHB Cesar Escamilla 0-0: Ball
1-0: Swinging Strike
1-1: Ball
2-1: Foul Ball, location: 5F
2-2: Strikes out swinging
Batting: RHB Steve Auclair 0-0: SOLO HOME RUN (Flyball, 7D, EV 102.5 MPH), Distance : 397 ft
Batting: LHB Ray Behm 0-0: Called Strike
0-1: Ball
1-1: Ball
2-1: Foul Ball, location: 3F
2-2: Ground out 4-3 (Groundball, 34D, EV 81.9 MPH)
Batting: RHB Allen Castellanos 0-0: Ball
1-0: Ball
2-0: Called Strike
2-1: Foul Ball, location: 2LF
2-2: Foul Ball, location: 2F
2-2: Foul Ball, location: 2F
2-2: Strikes out swinging
Top of the 10th over - 1 run, 1 hit, 0 errors, 0 left on base; Tampa Bay 8 - Arizona 7
BOTTOM OF THE 10TH
Arizona Diamondbacks batting - Pitching for Tampa Bay Rays : RHP Manuel Barrientes
Pitching: RHP Todd Curley
Batting: RHB Shawn Lindsey 0-0: Ball
1-0: Foul Ball, location: 2F
1-1: Fly out, F8 (Flyball, 8LD, EV 99.4 MPH)
Batting: LHB Alex Castro 0-0: Called Strike
0-1: Swinging Strike
0-2: Ball
1-2: Ball
2-2: Foul Ball, location: 7LDF
2-2: Foul Ball, location: 2F
2-2: Ball
3-2: Strikes out swinging
Batting: RHB Jesse Cavallaro 0-0: Ground out 6-3 (Groundball, 56, EV 80.6 MPH)
Bottom of the 10th over - 0 runs, 0 hits, 0 errors, 0 left on base; Tampa Bay 8 - Arizona 7
Thursday, April 11th , 2024 - OOTP Baseball 24.11 Build 85